 Dungeon Crawl Stone Soup version 0.25.1-2-g60ff931df9 (webtiles) character file.

Game seed: 313018012077297879

743 DogServant the Insei (level 7, -8/57 HPs)
             Began as a Naga Transmuter on Oct 17, 2020.
             Mangled by an orc warrior
             ... wielding a +0 glaive
              (29 damage)
             ... on level 5 of the Dungeon.
             The game lasted 00:13:59 (7134 turns).

DogServant the Insei (Naga Transmuter)              Turns: 7134, Time: 00:13:59

Health: -8/57      AC:  3    Str: 13    XL:     7   Next: 76%
Magic:  11/11      EV: 10    Int: 13    God:
Gold:   251        SH:  4    Dex: 13    Spells: 0/11 levels left

rFire    . . .     SeeInvis +     - Unarmed
rCold    + . .     Gourm    .   A - +0 buckler
rNeg     . . .     Faith    .   D - +0 leather armour (curse)
rPois    +         Spirit   .   (no helmet)
rElec    .         Reflect  .   (no cloak)
rCorr    +         Harm     .   (no gloves)
MR       .....                  (no barding)
Stlth    +.........             (no amulet)
HPRegen  0.19/turn              o - ring of protection from cold
MPRegen  0.12/turn              x - ring of resist corrosion

@: very slow
A: large, see invisible, deformed body, poison resistance, slowness 2, slow
metabolism 1, spit poison 1, AC +2
a: Spit Poison


You were on level 5 of the Dungeon.
You were not hungry.

You visited 1 branch of the dungeon, and saw 5 of its levels.
You also visited: Sewer.

You collected 251 gold pieces.

Inventory:

Missiles
 a - 125 arrows
 r - 5 javelins (quivered)
 s - 13 poisoned darts
Armour
 b - a +1 robe
 p - a +0 helmet
 A - a +0 buckler (worn)
 D - a cursed +0 leather armour (worn)
Jewellery
 e - an uncursed ring of ice
 k - an uncursed ring of poison resistance
 m - an uncursed ring of see invisible
 o - a ring of protection from cold (left hand)
 x - a ring of resist corrosion (right hand)
Wands
 u - a wand of iceblast (4)
Scrolls
 f - 2 scrolls of amnesia
 g - 4 scrolls of enchant armour
 w - 3 scrolls of fear
 y - 3 scrolls of teleportation
 B - a scroll of identify
Potions
 c - a potion of berserk rage
 j - a potion of ambrosia
 l - a potion of stabbing
 n - a potion of heal wounds
 q - 2 potions of cancellation {unknown}
 t - a potion of haste {unknown}
 v - a potion of lignification {unknown}
 z - 2 potions of might {unknown}
Comestibles
 d - 6 rations


   Skills:
 - Level 1.4 Fighting
 - Level 1.9 Dodging
 - Level 0.7 Stealth
 - Level 2.4 Shields
 + Level 6.0 Unarmed Combat
 - Level 2.7 Spellcasting
 + Level 5.1 Transmutations


You couldn't memorise any spells.
You knew the following spells:

 Your Spells              Type           Power        Failure   Level  Hunger
a - Beastly Appendage     Tmut           ###...       3%          1    #......
b - Sticks to Snakes      Tmut           ###.....     5%          2    ###....
c - Spider Form           Tmut/Pois      #.........   32%         3    ###....
d - Blade Hands           Tmut           ###.......   71%         5    ######.

Your spell library contained the following spells:

 Spells                   Type           Power        Failure   Level  Hunger
 Ice Form                 Ice/Tmut       #.......     71%         4    #####..


Dungeon Overview and Level Annotations

Branches:
Dungeon (5/15)              Sewer (visited)
 Temple: D:4-7

Altars:
Dithmenos
Yredelemnul


Innate Abilities, Weirdness & Mutations

You cannot wear boots.
Your serpentine skin is tough. (AC +2)
You have supernaturally acute eyesight. (SInv)
Armour fits poorly on your strangely shaped body.
Your system is resistant to poisons. (rPois)
You cover ground very slowly.
You have a slow metabolism.
You can spit poison.


Message History

Throwing (i - inventory. (/) - cycle)
h - 3 boomerangs of dispersal (quivered)
Press: ? - help, Shift-Dir - straight line, f/p - orc warrior
Aim: an orc warrior, wielding a +0 glaive and wearing a +0 chain mail (moderately wounded)
You throw a boomerang of dispersal.
The boomerang of dispersal barely misses the orc warrior.
Throwing (i - inventory. (/) - cycle)
h - 2 boomerangs of dispersal (quivered)
Press: ? - help, Shift-Dir - straight line, f/p - orc warrior
Aim: an orc warrior, wielding a +0 glaive and wearing a +0 chain mail (moderately wounded)
You throw a boomerang of dispersal.
The boomerang of dispersal hits the orc warrior but does no damage.
The orc warrior is moderately wounded.
The orc warrior hits you from afar with a +0 glaive!
Throwing (i - inventory. (/) - cycle)
h - a boomerang of dispersal (quivered)
Press: ? - help, Shift-Dir - straight line, f/p - orc warrior
Aim: an orc warrior, wielding a +0 glaive and wearing a +0 chain mail (moderately wounded)
You throw a boomerang of dispersal.
The boomerang of dispersal barely misses the orc warrior.
The orc warrior hits you from afar with a +0 glaive!!
Ouch! That really hurt!
You die...

#.##.# #.....####.## . #.##.#
##..........#
...####)##.####.....###..#
....).))....(............#
.######.##......#.#.###..#
.#####............#.#....#
..............#####.#....#
..##.#........#####+#....#
#...........##@........#
#...#.#####.##.......#.....
#...#.#####.##..o..(.#.....
#...#.#..........รท####.....
#...#.#.###................
#...#.#.#..)#####....#.........
##.##.#.#.#.# #....# .......
#....#.#.#.# #....# .......
##.....#.#.# #....# ##.....


You could see an orc warrior.

Vanquished Creatures
  An ogre (D:5)
  A howler monkey (D:4)
  An orc priest (D:5)
  A hound (D:5)
  A bullfrog skeleton (D:4)
  3 orc wizards
  An iguana (D:4)
  7 worker ants
  11 adders
  A shadow imp (D:5)
  2 worms (D:2)
  3 dart slugs
  4 leopard geckos
  27 orcs
  7 ball pythons
  7 bats
  4 giant cockroaches
  6 goblins
  7 hobgoblins
  7 jackals
  A quokka (D:5)
  9 frilled lizards
  13 kobolds
  A quokka zombie (D:5)
  4 rats
  A plant (Sewer)
131 creatures vanquished.

Vanquished Creatures (others)
  5 toadstools (D:1)
5 creatures vanquished.

Grand Total: 136 creatures vanquished

Notes
Turn   | Place    | Note
-------+----------+-------------------------------------------
     0 | D:1      | DogServant the Naga Transmuter began the quest for the Orb.
     0 | D:1      | Reached XP level 1. HP: 18/18 MP: 3/3
   426 | D:1      | Reached XP level 2. HP: 19/25 MP: 3/5
  1467 | D:2      | Reached XP level 3. HP: 19/31 MP: 4/6
  1942 | D:2      | Reached XP level 4. HP: 20/38 MP: 7/7
  2233 | D:2      | Reached skill level 4 in Unarmed Combat
  2576 | D:2      | Found a shadowy altar of Dithmenos.
  3023 | D:3      | Reached XP level 5. HP: 30/44 MP: 9/9
  3605 | D:3      | Found a basalt altar of Yredelemnul.
  3878 | D:4      | Learned a level 2 spell: Sticks to Snakes
  3882 | D:4      | Learned a level 3 spell: Spider Form
  3893 | D:4      | Found a glowing drain.
  3909 | Sewer    | Entered a sewer
  5093 | D:4      | HP: 2/44 [howler monkey (8)]
  5106 | D:4      | Reached XP level 6. HP: 36/51 MP: 6/10
  5108 | D:4      | Reached skill level 5 in Unarmed Combat
  5265 | D:4      | Reached skill level 1 in Shields
  6125 | D:4      | Reached XP level 7. HP: 53/57 MP: 7/11
  6267 | D:5      | Entered Level 5 of the Dungeon
  6970 | D:5      | Learned a level 5 spell: Blade Hands
  7052 | D:5      | Reached skill level 5 in Transmutations
  7070 | D:5      | Reached skill level 6 in Unarmed Combat
  7134 | D:5      | Mangled by an orc warrior

Illustrated notes

Levels and vault maps discovered:
D:1:      ldierk_walled_garden, layout_loops_ring
D:2:      layout_rooms, lemuel_doored_altar
D:3:      layout_basic, old_standard_altar
D:4:      layout_basic, cheibrodos_sewer_entry_drain
D:5:      layout_basic, good_gods_temple_1, first_ration,
          kennysheep_generic_room_5

Skill      XL: |  1  2  3  4  5  6  7 |
---------------+----------------------+-----
Unarmed Combat | 4 5 6 |  6.0
Transmutations | 3 4 5 |  5.1
Shields        | 1 2 |  2.4
Fighting       | |  1.4
Dodging        | |  1.9
Stealth        | |  0.7
Spellcasting   | |  2.7

Action                   |  1- 3 |  4- 6 |  7- 9 || total
-------------------------+-------+-------+-------++-------
Melee: Unarmed           |    82 |   264 |    78 ||   424
       Headbutt          |     9 |    26 |     2 ||    37
       Punch             |     1 |       |       ||     1
Throw: Boomerang         |     1 |       |     4 ||     5
 Cast: Beastly Appendage |    11 |    27 |     2 ||    40
       Spider Form       |       |     8 |     6 ||    14
 Abil: Spit Poison       |    14 |    13 |     3 ||    30
  Use: Potion            |     1 |     2 |       ||     3
       Scroll            |       |     8 |     3 ||    11
 Stab: Sleeping          |       |     1 |       ||     1
  Eat: Chunk             |     3 |    12 |     1 ||    16
       Ration            |       |       |     1 ||     1
Armor: Robe              |     8 |    42 |       ||    50
       Leather armour    |       |       |     3 ||     3
       Skin              |       |       |     2 ||     2
Dodge: Dodged            |    46 |   144 |    51 ||   241
Block: Buckler           |       |       |     1 ||     1
